 Dungeon Crawl Stone Soup version 0.31-a0-167-g1c394c0614 (webtiles) character file.

Game seed: 5799147421406754051

337971 Anon1729 the Cutthroat (level 20, -2/189 HPs)
             Began as a Minotaur Monk on June 14, 2023.
             Was a Follower of Uskayaw.
             Killed from afar by a white draconian (9 damage)
             ... with a blast of cold
             ... led by a black draconian knight
             ... on level 1 of the Realm of Zot.
             The game lasted 00:50:32 (30912 turns).

Anon1729 the Cutthroat (Minotaur Monk)             Turns: 30912, Time: 00:50:33

Health: -2/189     AC: 22    Str: 18    XL:     20   Next: 63%
Magic:  16/30      EV: 24    Int:  5    God:    Uskayaw [*.....]
Gold:   642        SH:  0    Dex: 21    Spells: 18/19 levels left

rFire   . . .        L - +9 quick blade of Rymiucs Mohi {spect, Int-2 Dex+3}
rCold   + . .        d - orb {light}
rNeg    + . .        D - +4 troll leather armour
rPois   +            P - +2 hat
rElec   +            j - +2 cloak of the Lotus Blossom {rElec Will- Regen+ Dex-2}
rCorr   .            E - +2 pair of gloves
SInv    .            t - +0 pair of boots of Fortitude {rPois rC+}
Will    .....        f - amulet of faith
Stlth   +            I - ring of positive energy
HPRegen 2.11/turn    R - +4 ring of slaying
MPRegen 0.22/turn

%: faith
@: glowing, studying 2 skills
A: horns 2, retaliatory headbutt
}: 3/15 runes: decaying, abyssal, gossamer
a: Renounce Religion, Stomp


You were on level 1 of the Realm of Zot.
You worshipped Uskayaw.
Uskayaw was pleased with you.
You visited 8 branches of the dungeon, and saw 38 of its levels.
You visited the Abyss 1 time.
You also visited: Bailey and Ice Cave.

You collected 2885 gold pieces.
You spent 2243 gold pieces at shops.

Inventory:

Hand Weapons
 L - the +9 quick blade of Rymiucs Mohi (weapon) {spect, Int-2 Dex+3}
   (You acquired it in a bailey)

   Int:       It affects your intelligence (-2).
   Dex:       It affects your dexterity (+3).
 O - a +0 morningstar of distortion
Armour
 d - an orb of light (worn)
 j - the +2 cloak of the Lotus Blossom (worn) {rElec Will- Regen+ Dex-2}
   (You found it on level 14 of the Dungeon)

   Dex:       It affects your dexterity (-2).
   rElec:     It insulates you from electricity.
   Regen:     It increases your rate of health regeneration.
   Will:      It decreases your willpower.
 k - a +2 cloak
 t - the +0 pair of boots of Fortitude (worn) {rPois rC+}
   (You found it on level 2 of the Dungeon)

   rC:        It protects you from cold.
   rPois:     It protects you from poison.
 D - a +4 troll leather armour (worn)
 E - a +2 pair of gloves (worn)
 K - an orb of mayhem
 P - a +2 hat (worn)
Jewellery
 f - an amulet of faith (around neck)
 I - a ring of positive energy (left hand)
 N - an amulet of reflection
 R - a +4 ring of slaying (right hand)
 V - a ring of ice
 W - a ring of poison resistance
Wands
 u - a wand of iceblast (13)
 v - a wand of mindburst (5)
 z - a wand of flame (24)
 H - a wand of charming (38)
 U - a wand of polymorph (8)
 X - a wand of acid (11)
Scrolls
 e - 5 scrolls of enchant weapon
 g - 3 scrolls of poison
 h - 5 scrolls of immolation
 i - 6 scrolls of vulnerability
 l - 9 scrolls of teleportation
 r - 13 scrolls of identify
 s - 3 scrolls of enchant armour
 y - 6 scrolls of fog
 F - a scroll of torment
 G - 4 scrolls of fear
 S - 2 scrolls of brand weapon
 T - a scroll of revelation
 Y - 2 scrolls of amnesia
Potions
 a - 2 potions of berserk rage
 c - 8 potions of ambrosia
 m - 7 potions of might
 n - 2 potions of enlightenment
 q - 4 potions of haste
 w - 7 potions of mutation
 x - 10 potions of brilliance
 A - 8 potions of cancellation
 C - 3 potions of attraction
 J - 2 potions of invisibility
 M - 4 potions of magic
Miscellaneous
 Q - a phial of floods (inert)
 Z - a phantom mirror


   Skills:
 + Level 18.3 Fighting
 * Level 21.4 Short Blades
 + Level 17.9 Armour
 + Level 16.6 Dodging
 + Level 4.8 Stealth
 * Level 3.4 Translocations
 + Level 15.0 Invocations
 + Level 10.3 Evocations


You had 18 spell levels left.
You knew the following spells:

 Your Spells              Type           Power      Damage    Failure   Level
a - Apportation           Tloc           6%         N/A       14%         1

Your spell library contained the following spells:

 Spells                   Type           Power      Damage    Failure   Level
 Blink                    Tloc           6%         N/A       22%         2
 Lesser Beckoning         Tloc           6%         N/A       22%         2
 Gell's Gravitas          Tloc           3%         N/A       41%         3
 Teleport Other           Tloc           3%         N/A       41%         3
 Necrotise                Necr           0%         1d4       52%         1
 Sandblast                Erth           0%         2d4       52%         1
 Shock                    Conj/Air       0%         1d3       52%         1
 Summon Small Mammal      Summ           0%         N/A       52%         1
 Cigotuvi's Dreadful Rot  Necr/Pois/Air  0%         N/A       65%         2
 Ensorcelled Hibernation  Hex/Ice        0%         N/A       65%         2
 Passwall                 Tmut/Erth      0%         N/A       65%         2
 Poisonous Vapours        Pois/Air       0%         N/A       65%         2
 Scorch                   Fire           0%         2d5       65%         2
 Sublimation of Blood     Necr           0%         N/A       65%         2
 Portal Projectile        Hex/Tloc       2%         N/A       65%         3
 Manifold Assault         Tloc           3%         N/A       82%         4
 Passage of Golubria      Tloc           3%         N/A       82%         4
 Call Canine Familiar     Summ           0%         N/A       87%         3
 Dazzling Flash           Conj/Hex       0%         N/A       87%         3
 Frozen Ramparts          Ice            0%         1d1       87%         3
 Mephitic Cloud           Conj/Pois/Air  0%         N/A       87%         3
 Spider Form              Tmut/Pois      0%         N/A       87%         3
 Swiftness                Air            0%         N/A       87%         3
 Tukima's Dance           Hex            0%         N/A       87%         3
 Airstrike                Air            0%         2d(0-16)  99%         4
 Anguish                  Hex/Necr       0%         N/A       99%         4
 Animate Dead             Necr           0%         N/A       99%         4
 Dispel Undead            Necr           0%         3d6       99%         4
 Flame Wave               Conj/Fire      0%         2d4       99%         4
 Ice Form                 Ice/Tmut       0%         N/A       99%         4
 Leda's Liquefaction      Hex/Erth       0%         N/A       99%         4
 Petrify                  Tmut/Erth      0%         N/A       99%         4
 Summon Ice Beast         Ice/Summ       0%         N/A       99%         4
 Agony                    Necr           0%         N/A       100%        5
 Borgnjor's Vile Clutch   Necr/Erth      0%         N/A       100%        5
 Freezing Cloud           Conj/Ice/Air   0%         6-21      100%        5
 Irradiate                Conj/Tmut      0%         3d11      100%        5
 Metabolic Englaciation   Hex/Ice        0%         N/A       100%        5
 Silence                  Hex/Air        0%         N/A       100%        5
 Summon Mana Viper        Hex/Summ       0%         N/A       100%        5
 Yara's Violent Unravell  Hex/Tmut       0%         3d3       100%        5
 Death Channel            Necr           0%         N/A       100%        6
 Statue Form              Tmut/Erth      0%         N/A       100%        6
 Summon Cactus Giant      Summ           0%         N/A       100%        6
 Monstrous Menagerie      Summ           0%         N/A       100%        7
 Storm Form               Tmut/Air       0%         N/A       100%        7
 Shatter                  Erth           0%         3d5*      100%        9


Dungeon Overview and Level Annotations

Branches:
Dungeon (15/15)            Temple (1/1) D:4            Lair (5/5) D:10
  Swamp (4/4) Lair:3       Spider (4/4) Lair:3        Slime (0/5) Lair:4
    Orc (2/2) D:11            Elf (0/3) Orc:2        Vaults (0/5) D:14
 Depths (4/4) D:15            Zot (3/5) Depths:4     Bailey (visited)
  IceCv (visited)

Altars:
Ashenzari
Cheibriados
Dithmenos
Elyvilon
Fedhas
Gozag
Hepliaklqana
Kikubaaqudgha
Makhleb
Nemelex Xobeh
Okawaru
Qazlal
Ru
Sif Muna
Trog
Uskayaw
Vehumet
Wu Jian
Xom
Yredelemnul
Zin
The Shining One

Shops:
D:4 !   D:7 =   D:8 [   D:10 *   Orc:1 *   Orc:2 ?**[   Depths:1 (!
Depths:4 :=:

Portals:
Hell: Depths:1 Depths:2 Depths:4
Abyss: Depths:2 Depths:4
Ziggurat: Depths:2

Annotations:
D:3 exclusion: door
D:6 exclusion: statue
Lair:2 exclusion: oklob plant
Depths:1 2 exclusions
Depths:2 exclusion: orange crystal statue


Innate Abilities, Weirdness & Mutations

You have a pair of horns on your head.
You reflexively headbutt those who attack you in melee.


Message History

The green draconian monk barely misses you.
The green draconian monk tail-slaps you but does no damage.
The white draconian breathes frost at you.
The blast of cold misses you.
You puncture the green draconian monk!
Your headbutt misses the green draconian monk.
You hit the green draconian monk.
You kill the green draconian monk!
The white draconian hits you with a +0 long sword.
* * * LOW HITPOINT WARNING * * *
You feel yourself speed up. The death cob completely misses you.
The purple draconian hits you with a +0 scimitar.
* * * LOW HITPOINT WARNING * * *
The white draconian hits you but does no damage.
The death cob hits you but does no damage.
You see here a storm dragon corpse.
The purple draconian breathes dispelling energy at you.
The bolt of dispelling energy hits you!!
Your magical effects are unravelling.
* * * LOW HITPOINT WARNING * * *
The death cob misses you. You furiously retaliate!
You headbutt the death cob.
Items here: )) [ ÷.
You feel yourself slow down. The death cob closely misses you.
You furiously retaliate!
You headbutt the death cob. The death cob closely misses you.
You furiously retaliate!
You headbutt the death cob!
Things that are here:
a +0 battleaxe; a white draconian corpse The death cob hits you but does no damage.
The purple draconian breathes dispelling energy at you.
The bolt of dispelling energy hits you!
* * * LOW HITPOINT WARNING * * *
There is a gate leading back out of this place, spattered with blood here.
You feel better. The death cob hits you!
* * * LOW HITPOINT WARNING * * *
The death cob completely misses you. You furiously retaliate!
You headbutt the death cob! The death cob closely misses you.
The white draconian breathes frost at you.
The blast of cold hits you! You resist.
You die...

#########.....#
.d........(...#
#########.[)..#
#>....# #..)..#
#.....# #.....#
#...[.# #....@#
#...)z# #.
#.....#
#..####.d...#
#..'.)#†)...#
#[)d[...#
###[[...#
#)....# #.....#


You could see a purple draconian, a white draconian (catching breath) and a
death cob.

Vanquished Creatures
  Saint Roka (Depths:1)
  Nikola (Depths:1)
  3 bone dragons
  Arachne (Spider:2)
  2 liches
  A walking earthen tome (Depths:4)
  A quicksilver dragon (Zot:1)
  Frances (D:12)
  Kirke (D:15)
  A thorn hunter (Swamp:4)
  3 tentacled starspawn (Abyss:4)
  2 death cobs
  A storm dragon (Zot:1)
  Agnes (Spider:2)
  2 draconian monks (Zot:1)
  4 draconian knights (Zot:1)
  Roxanne (D:14)
  4 fire giants
  A daeva (Abyss:4)
  A fenstrider witch (Swamp:4)
  2 frost giants
  8 emperor scorpions
  2 draconian scorchers
  4 draconian stormcallers
  A draconian shifter (Zot:1)
  5 draconian annihilators
  3 ghost moths
  2 orc warlords
  7 stone giants
  A broodmother (Spider:3)
  3 spriggan defenders
  3 vampire knights
  A green draconian (Depths:4)
  A reaper (IceCv)
  12 very ugly things
  Nessos (D:14)
  6 spark wasps
  7 purple draconians
  Azrael (D:13)
  An eleionoma (Swamp:1)
  A black draconian (Depths:4)
  A red draconian (Zot:1)
  5 white draconians
  6 yellow draconians
  A bunyip (Swamp:4)
  A yaktaur captain (Depths:4)
  12 ettins
  2 shambling mangroves
  A crystal guardian (Depths:2)
  7 fire dragons
  Fannar (Lair:1)
  2 rakshasas (Depths:1)
  3 entropy weavers
  15 hydras
  9 ice dragons
  An ogre mage (D:12)
  5 centaur warriors
  Erica (D:9)
  3 ghost crabs
  A death knight (D:14)
  4 radroaches
  3 jorogumos
  4 alligators
  8 two-headed ogres
  5 death yaks (Lair:1)
  4 tengu warriors
  A hell hog (Abyss:4)
  A death scarab (Spider:3)
  5 boulder beetles
  A vampire mage (Depths:1)
  3 spriggan berserkers
  4 deep troll earth magi
  An orc high priest (Orc:2)
  2 thrashing horrors (Abyss:4)
  Urug (Lair:4)
  6 demonic crawlers
  A fire crab (shapeshifter) (Abyss:4)
  8 hell knights
  Sonja (D:12)
  A skyshark (Lair:3)
  3 wretched stars (Abyss:4)
  Nergalle (D:12)
  A sun moth (Spider:3)
  Amaemon (Lair:1)
  A sixfirhy (Abyss:4)
  A shadow wraith (Abyss:4)
  3 iron trolls
  4 large abominations (Abyss:4)
  8 deep trolls
  4 spriggan druids
  2 flayed ghosts
  2 bog bodies
  4 goliath frogs
  5 pharaoh ants
  9 orb spiders
  6 glowing orange brains
  2 wizards
  10 swamp dragons (Swamp:4)
  An orb spider (shapeshifter) (D:15)
  A harpy (shapeshifter) (D:15)
  4 lindwurms
  9 steelbarb worms
  6 orc knights
  A deep elf zephyrmancer (D:14)
  2 orc sorcerers (Orc:2)
  2 deep elf pyromancers
  30 ugly things
  16 wolf spiders
  A worldbinder (Abyss:4)
  4 moths of wrath
  A salamander (shapeshifter) (D:15)
  Maurice (Orc:2)
  2 guardian serpents (D:14)
  5 cyclopes
  3 elephants (Lair:4)
  3 ice statues
  An eye of devastation (shapeshifter) (D:15)
  An apocalypse crab (Abyss:4)
  8 black mambas
  2 molten gargoyles (Lair:5)
  6 torpor snails
  9 cane toads
  3 gargoyles
  Joseph (D:7)
  Maggie (D:8)
  2 orange demons
  3 unseen horrors
  An efreet (D:13)
  3 kobold demonologists
  5 rime drakes
  2 freezing wraiths
  An anaconda simulacrum (IceCv)
  A rime drake (shapeshifter) (D:14)
  12 komodo dragons
  A silent spectre (Abyss:4)
  A tengu conjurer (Depths:1)
  2 ancient zymes (Abyss:4)
  5 ice devils (IceCv)
  17 trolls
  3 meliai (D:15)
  8 tyrant leeches
  2 polar bears
  13 hornets
  29 tarantellas
  27 blink frogs
  9 saltlings (Orc:2)
  18 dream sheep
  9 raiju (Abyss:4)
  22 jumping spiders
  12 slime creatures
  A water elemental (Depths:2)
  A shadow (D:11)
  24 culicivoras
  4 wyverns
  12 spriggans
  4 hogs (D:15)
  An ettin skeleton (Abyss:4)
  36 yaks
  6 wraiths
  4 fire elementals (D:13)
  4 ynoxinuls (Abyss:4)
  2 dire elephant simulacra (IceCv)
  2 chaos spawn (Abyss:4)
  16 vampire mosquitoes
  A death yak simulacrum (IceCv)
  79 redbacks
  A spatial vortex (Abyss:4)
  8 basilisks
  A steam dragon (D:10)
  8 swamp worms
  2 acid dragons
  8 wargs
  4 harpy simulacra (IceCv)
  18 water moccasins
  2 floating eyes
  3 hydra simulacra (IceCv)
  5 swamp drakes (Swamp:4)
  7 hell hounds
  2 black bears
  26 orc warriors
  13 ice beasts
  2 ogres (Orc:1)
  7 small abominations
  3 wolves
  A phantom (D:5)
  9 centaurs
  3 kobold brigands
  12 bullfrogs
  A gnoll sergeant (D:11)
  3 scorpions
  A two-headed ogre simulacrum (IceCv)
  7 wights
  A hornet simulacrum (D:9)
  An elephant simulacrum (IceCv)
  8 killer bees
  A vampire bat (Lair:4)
  6 electric eels
  6 howler monkeys
  3 lava snakes (Lair:5)
  3 quasits (Abyss:4)
  20 orc priests
  5 hounds
  A gnoll bouda (Orc:1)
  A jelly (D:5)
  3 iron imps (D:10)
  2 iguanas
  23 orc wizards
  A wolf simulacrum (IceCv)
  A troll simulacrum (IceCv)
  20 gnolls
  10 adders
  A shadow imp (D:7)
  10 white imps
  4 ufetubi
  4 worms
  2 dart slugs
  86 orcs
  7 ball pythons
  14 bats
  6 endoplasms
  A giant cockroach (D:2)
  13 goblins
  11 hobgoblins
  11 jackals
  24 kobolds
  A quokka (D:2)
  7 frilled lizards
  12 rats
  3 starspawn tentacles (Abyss:4)
1332 creatures vanquished.

Vanquished Creatures (others)
  A spriggan (Swamp:1)
  A hornet (Swamp:1)
  3 bloated husks (Swamp:1)
  A human (D:6)
  An orc (D:11)
  24 spectral weapons
  3 starspawn tentacles (Abyss:4)
34 creatures vanquished.

Grand Total: 1366 creatures vanquished

Notes
Turn   | Place    | Note
-------+----------+-------------------------------------------
     0 | D:1      | Anon1729 the Minotaur Monk began the quest for the Orb.
     0 | D:1      | Reached XP level 1. HP: 19/19 MP: 0/0
   128 | D:1      | Reached XP level 2. HP: 27/27 MP: 1/1
   380 | D:1      | Reached skill level 1 in Armour
   451 | D:1      | Reached skill level 1 in Invocations
   475 | D:1      | Reached XP level 3. HP: 33/33 MP: 2/2
   984 | D:2      | Reached XP level 4. HP: 21/40 MP: 2/4
  1084 | D:2      | Found a sparkling altar of Nemelex Xobeh.
  1254 | D:2      | Reached skill level 4 in Short Blades
  1258 | D:2      | Reached XP level 5. HP: 43/47 MP: 5/5
  1376 | D:2      | Identified the +0 pair of boots of Fortitude {rPois rC+}
  1796 | D:3      | Found a basalt altar of Yredelemnul.
  2235 | D:3      | Found a blossoming altar of Fedhas.
  2387 | D:3      | Noticed a moth of wrath
  2389 | D:3      | Found a bloodstained altar of Trog.
  2640 | D:4      | Noticed a black bear
  2648 | D:4      | Killed a black bear
  2649 | D:4      | Reached skill level 5 in Fighting
  2649 | D:4      | Reached XP level 6. HP: 43/56 MP: 6/6
  2849 | D:4      | Found a staircase to the Ecumenical Temple.
  2857 | D:4      | Reached XP level 7. HP: 48/61 MP: 8/8
  2864 | Temple   | Entered the Ecumenical Temple
  3030 | Temple   | Became a worshipper of Uskayaw the Reveller
  3030 | Temple   | Reached * piety under Uskayaw
  3055 | D:4      | Found Wunwef's Distillery.
  3057 | D:4      | Reached ** piety under Uskayaw
  3072 | D:4      | Reached skill level 5 in Short Blades
  3072 | D:4      | Reached skill level 5 in Dodging
  3074 | D:4      | Bought a potion of degeneration for 10 gold pieces
  3074 | D:4      | Bought a potion of resistance for 100 gold pieces
  3307 | D:4      | Reached *** piety under Uskayaw
  3365 | D:4      | Found a glowing golden altar of the Shining One.
  3483 | D:5      | Entered Level 5 of the Dungeon
  3483 | D:5      | Found a shadowy altar of Dithmenos.
  3846 | D:5      | Noticed a troll
  3855 | D:5      | Killed a troll
  3855 | D:5      | Reached **** piety under Uskayaw
  3856 | D:5      | Reached XP level 8. HP: 39/70 MP: 8/10
  4050 | D:5      | Found a hazy altar of Hepliaklqana.
  4317 | D:5      | Reached skill level 5 in Armour
  4425 | D:6      | Found a radiant altar of Vehumet.
  4438 | D:6      | Found a stormy altar of Qazlal.
  4591 | D:6      | Found a sparkling altar of Nemelex Xobeh.
  4608 | D:6      | Reached skill level 6 in Short Blades
  4610 | D:6      | Reached ***** piety under Uskayaw
  4891 | D:6      | Found an ancient bone altar of Kikubaaqudgha.
  4974 | D:6      | Found a shimmering blue altar of Sif Muna.
  5184 | D:7      | Found an iron altar of Okawaru.
  5200 | D:7      | Reached skill level 5 in Invocations
  5202 | D:7      | Reached ****** piety under Uskayaw
  5204 | D:7      | Reached XP level 9. HP: 52/77 MP: 11/11
  5399 | D:7      | Noticed Joseph
  5410 | D:7      | Killed Joseph
  5745 | D:7      | Found Odujuz Jeut's One-of-a-Kind Rings.
  5889 | D:8      | Reached skill level 7 in Short Blades
  5995 | D:8      | Noticed Maggie
  6010 | D:8      | Killed Maggie
  6203 | D:8      | Found Ogriga Ynwe's Antique Armour Emporium.
  6533 | D:9      | Noticed a troll
  6546 | D:9      | Killed a troll
  6580 | D:9      | Reached XP level 10. HP: 31/90 MP: 8/13
  6600 | D:9      | Reached skill level 8 in Short Blades
  7137 | D:10     | Entered Level 10 of the Dungeon
  7137 | D:10     | Noticed Erica
  7162 | D:9      | Killed Erica
  7233 | D:10     | Found a staircase to the Lair.
  7383 | D:10     | Found Tanell's General Store.
  7536 | D:10     | Found a burning altar of Makhleb.
  7545 | D:10     | Reached skill level 9 in Short Blades
  7638 | D:10     | Found a flagged portal.
  7646 | Bailey   | Entered a bailey
  7651 | Bailey   | Noticed an orc warlord
  7687 | Bailey   | Reached XP level 11. HP: 99/99 MP: 15/15
  7687 | Bailey   | Found a runed translucent gate.
  7687 | Bailey   | Found a runed translucent gate.
  7687 | Bailey   | Found a runed translucent gate.
  7977 | Bailey   | Killed an orc warlord
  7978 | Bailey   | Reached skill level 10 in Fighting
  8005 | Bailey   | Acquired the +9 quick blade of Rymiucs Mohi {spect, Int-2
                  | Dex+3}
  8267 | D:11     | Identified the +3 war axe "Ezokath" {antimagic, Str+4}
  8410 | D:11     | Reached skill level 10 in Short Blades
  8749 | D:11     | Found a staircase to the Orcish Mines.
  9009 | D:12     | Noticed Nergalle
  9013 | D:12     | Noticed a two-headed ogre
  9019 | D:12     | Killed Nergalle
  9021 | D:12     | Killed a two-headed ogre
  9022 | D:12     | Reached skill level 10 in Armour
  9079 | D:12     | Identified the +0 short sword "Quraag" {elec, rC- rN++
                  | SInv}
  9159 | D:12     | Noticed a two-headed ogre
  9161 | D:12     | Killed a two-headed ogre
  9162 | D:12     | Reached skill level 10 in Dodging
  9163 | D:12     | Noticed an ogre mage
  9167 | D:12     | Killed an ogre mage
  9174 | D:12     | Noticed a two-headed ogre
  9175 | D:12     | Noticed a two-headed ogre
  9180 | D:12     | Killed a two-headed ogre
  9181 | D:12     | Reached XP level 12. HP: 88/110 MP: 17/17
  9182 | D:12     | Killed a two-headed ogre
  9183 | D:12     | Reached skill level 11 in Short Blades
  9432 | D:12     | Found an ancient bone altar of Kikubaaqudgha.
  9492 | D:12     | Noticed Sonja
  9497 | D:12     | Killed Sonja
  9571 | D:12     | Noticed Frances
  9581 | D:12     | Killed Frances
  9723 | Orc:1    | Entered Level 1 of the Orcish Mines
  9776 | Orc:1    | Found Nioruore's General Store.
  9836 | Orc:1    | Found a shimmering altar of Xom.
  9912 | Orc:2    | Entered Level 2 of the Orcish Mines
  9941 | Orc:2    | Found a staircase to the Elven Halls.
 10038 | Orc:2    | Reached skill level 12 in Short Blades
 10178 | Orc:2    | Noticed an orc warlord
 10180 | Orc:2    | Found Raad's General Store.
 10180 | Orc:2    | Noticed an orc high priest
 10437 | Orc:2    | Killed an orc warlord
 10438 | Orc:2    | Reached XP level 13. HP: 74/118 MP: 19/19
 10536 | Orc:2    | Noticed Maurice
 10538 | Orc:2    | Found Navvi Voofoi's Armour Emporium.
 10542 | Orc:2    | Killed Maurice
 10651 | Orc:2    | Reached skill level 13 in Short Blades
 10740 | Orc:2    | Noticed an ettin
 10747 | Orc:2    | Killed an ettin
 10770 | Orc:2    | Reached skill level 10 in Invocations
 10793 | Orc:2    | Found Zeg Wam's General Store.
 10800 | Orc:2    | Bought a potion of heal wounds for 70 gold pieces
 10800 | Orc:2    | Bought a scroll of fear for 56 gold pieces
 10804 | Orc:2    | Bought a potion of heal wounds for 75 gold pieces
 10804 | Orc:2    | Bought a scroll of teleportation for 45 gold pieces
 10804 | Orc:2    | Bought a scroll of identify for 30 gold pieces
 10804 | Orc:2    | Bought a scroll of enchant armour for 112 gold pieces
 10804 | Orc:2    | Bought a potion of might for 60 gold pieces
 10804 | Orc:2    | Bought a scroll of butterflies for 60 gold pieces
 10804 | Orc:2    | Bought 2 scrolls of identify for 60 gold pieces
 10822 | Orc:2    | Found Luocw's Magic Scroll Shop.
 10828 | Orc:2    | Bought a scroll of teleportation for 39 gold pieces
 10828 | Orc:2    | Bought a scroll of fear for 52 gold pieces
 10828 | Orc:2    | Bought a scroll of identify for 26 gold pieces
 10828 | Orc:2    | Bought a scroll of identify for 26 gold pieces
 10829 | Orc:2    | Bought a scroll of identify for 26 gold pieces
 10946 | Lair:1   | Entered Level 1 of the Lair of Beasts
 11157 | Lair:1   | Noticed Amaemon
 11161 | Lair:1   | Killed Amaemon
 11348 | Lair:1   | Found a frozen archway.
 11436 | Lair:1   | Reached skill level 14 in Short Blades
 11532 | IceCv    | Entered an ice cave
 11836 | IceCv    | Noticed a reaper
 11843 | IceCv    | Killed a reaper
 11947 | Lair:1   | Noticed Fannar
 11952 | Lair:1   | Killed Fannar
 12187 | Lair:1   | Reached XP level 14. HP: 129/129 MP: 20/20
 13497 | Lair:3   | Found a staircase to the Swamp.
 13737 | Lair:3   | Found a hole to the Spider Nest.
 13808 | Lair:4   | Found a staircase to the Slime Pits.
 13839 | Lair:4   | Reached skill level 15 in Short Blades
 14022 | Lair:4   | Noticed Urug
 14028 | Lair:4   | Killed Urug
 15111 | Lair:4   | Identified the +7 flail "Ehazon" {flame, rC+}
 15117 | Lair:4   | Identified the +0 leather armour of Wipamog {rElec Will+
                  | Dex-2}
 15235 | Lair:5   | Entered Level 5 of the Lair of Beasts
 16032 | Lair:5   | Reached XP level 15. HP: 138/138 MP: 22/22
 16035 | Lair:5   | Found a large runed translucent door.
 16036 | Lair:5   | Found a large runed translucent door.
 16042 | Lair:5   | Reached skill level 16 in Short Blades
 16692 | D:13     | Noticed Azrael
 16706 | D:13     | Killed Azrael
 17570 | D:13     | Reached skill level 5 in Evocations
 17570 | D:13     | Reached XP level 16. HP: 147/147 MP: 23/23
 17638 | D:14     | Identified the +2 cloak of the Lotus Blossom {rElec Will-
                  | Regen+ Dex-2}
 17715 | D:14     | Noticed Nessos
 17727 | D:14     | Killed Nessos
 18244 | D:14     | Found a gate to the Vaults.
 18290 | D:14     | Identified Roxanne's Spellbook of Metal
 18290 | D:14     | Noticed Roxanne
 18594 | Spider:1 | Entered Level 1 of the Spider Nest
 18631 | Spider:1 | You fall into a shaft and drop 1 floor!
 18850 | Spider:2 | Reached skill level 15 in Fighting
 18854 | Spider:2 | Reached skill level 17 in Short Blades
 18860 | Spider:2 | Noticed Arachne
 18868 | Spider:2 | Killed Arachne
 19201 | Spider:2 | Noticed Agnes
 19401 | Spider:1 | Reached XP level 17. HP: 156/156 MP: 25/25
 19572 | Spider:1 | Reached skill level 15 in Armour
 19757 | Spider:2 | Identified the +4 scale mail of Ignis's Indignation
                  | {Rampage rCorr Dex-2 SInv}
 19938 | Spider:2 | Killed Agnes
 20894 | Spider:3 | Reached skill level 18 in Short Blades
 21517 | Spider:4 | Entered Level 4 of the Spider Nest
 21573 | Spider:4 | Paralysed by a Zot trap for 2 turns
 22379 | Spider:4 | Got a gossamer rune of Zot
 22767 | Swamp:1  | Entered Level 1 of the Swamp
 22778 | Swamp:1  | You fall into a shaft and drop 1 floor!
 22928 | Swamp:2  | Reached XP level 18. HP: 154/166 MP: 26/26
 22937 | Swamp:2  | Identified the +2 robe "Tatairup" {rN+ Dex+4}
 23358 | Swamp:4  | Entered Level 4 of the Swamp
 23434 | Swamp:4  | Reached skill level 19 in Short Blades
 23439 | Swamp:4  | Reached skill level 15 in Dodging
 23567 | Swamp:4  | Got a decaying rune of Zot
 23919 | D:15     | Entered Level 15 of the Dungeon
 23940 | D:15     | Noticed Kirke
 23952 | D:15     | Killed Kirke
 24064 | D:15     | Found a bloodstained altar of Trog.
 24186 | D:14     | Killed Roxanne
 24760 | D:15     | Found a staircase to the Depths.
 25185 | Depths:1 | Entered Level 1 of the Depths
 25255 | Depths:1 | Found Viuh's Distillery.
 25260 | Depths:1 | Found Aheman's Weapon Emporium.
 25283 | Depths:1 | Bought a potion of heal wounds for 100 gold pieces
 25283 | Depths:1 | Bought a potion of heal wounds for 100 gold pieces
 25283 | Depths:1 | Bought 2 potions of haste for 400 gold pieces
 25283 | Depths:1 | Bought a potion of curing for 60 gold pieces
 25283 | Depths:1 | Bought a potion of resistance for 200 gold pieces
 25283 | Depths:1 | Bought a potion of mutation for 160 gold pieces
 25283 | Depths:1 | Bought 2 potions of might for 160 gold pieces
 25608 | Depths:1 | Noticed Saint Roka
 25652 | Depths:1 | Noticed Nikola
 25817 | Depths:1 | Killed Saint Roka
 25818 | Depths:1 | Reached XP level 19. HP: 94/177 MP: 28/28
 25929 | Depths:2 | Found a gateway to Hell.
 25937 | Depths:2 | Reached skill level 20 in Short Blades
 25949 | Depths:2 | Found a one-way gateway to a ziggurat.
 25982 | Depths:2 | Identified the +1 plate armour of Muttered Phrases {rC+}
 26228 | Depths:2 | Reached skill level 1 in Stealth
 26446 | Depths:2 | You fall into a shaft and drop 2 floors!
 26446 | Depths:4 | Entered Level 4 of the Depths
 26831 | Depths:4 | Paralysed by a floating eye for 4 turns
 26871 | Depths:4 | Paralysed by a vampire knight for 5 turns
 27233 | Depths:4 | Noticed a bone dragon
 27235 | Depths:4 | Found a gate to the Realm of Zot.
 27248 | Depths:4 | Noticed a bone dragon
 27253 | Depths:4 | Killed a bone dragon
 27266 | Depths:4 | Killed a bone dragon
 28019 | Depths:4 | Found Nitot's Book Boutique.
 28020 | Depths:4 | Found Gaw Dulo's Jewellery Shoppe.
 28021 | Depths:4 | Found Ypev's Book Boutique.
 28284 | Depths:4 | Found a one-way gate to the infinite horrors of the Abyss.
 28430 | Depths:1 | Bought a +0 morningstar of distortion for 216 gold pieces
 28983 | Depths:2 | Noticed a juggernaut
 29109 | Depths:1 | Killed Nikola
 29145 | Abyss:4  | Cast into level 4 of the Abyss (unwielding a weapon of
                  | distortion)
 29235 | Abyss:4  | Learned a level 1 spell: Apportation
 29277 | Abyss:4  | Reached XP level 20. HP: 187/187 MP: 30/30
 29400 | Abyss:4  | Reached skill level 1 in Translocations
 29488 | Abyss:4  | Reached skill level 21 in Short Blades
 29640 | Abyss:4  | Reached skill level 10 in Evocations
 29670 | Abyss:4  | Got an abyssal rune of Zot
 29699 | Abyss:4  | Noticed a bone dragon
 29716 | Abyss:4  | Killed a bone dragon
 29735 | D:15     | Escaped the Abyss
 30017 | Zot:1    | Entered Level 1 of the Realm of Zot
 30694 | Zot:3    | Noticed an orb of fire
 30713 | Zot:1    | HP: 1/188 [spore (22)]
 30832 | Zot:1    | Reached skill level 15 in Invocations
 30912 | Zot:1    | HP: 7/189 [death cob (13)]
 30912 | Zot:1    | Killed from afar by a white draconian

Illustrated notes

Levels and vault maps discovered:
D:1:      wander_arrival_desolate, layout_basic, dreamdust_mushroom_princess
D:2:      cheibrodos_pilgrimage, layout_loops_ring, basic_altar
D:3:      layout_loops_ring, mainiacjoe_overflow_surrounded_room,
          nicolae_overflow_crystal_walls, tgw_trog
D:4:      layout_cave_pools, nicolae_tso_swordbearing_angel,
          minmay_temple_entry_wispy, serial_shops, shop,
          hangedman_decor_slide_cut
D:5:      layout_loops_ring, overflow_temple_1_default,
          mainiacjoe_overflow_cross_hatched
D:6:      layout_loops_ring, tgw_kikubaaqudgha,
          nemelex_xobeh_ov_fountains_minmay, led_sif_book,
          nicolae_qazlal_general_emergency, vehumet_statue
D:7:      layout_loops_ring, okawaru_metal_pillars_1_2,
          nicolae_shop_unique_rings, uniq_joseph
D:8:      layout_basic, serial_shops, shop_fountains, uniq_maggie
D:9:      layout_irregular_city, serial_ice, serial_ice_g, serial_ice_d,
          serial_ice_f, serial_ice_n, serial_ice_m, serial_ice_h
D:10:     layout_roguey, demons_altar, erik_lair_island, serial_shops, shop,
          enter_bailey_3, uniq_erica
D:11:     layout_long_grid, erik_orc_4, grunt_decor_mini_mirrors
D:12:     layout_loops_cross, kiku_gazebo_garden_becter, uniq_frances,
          uniq_sonja, uniq_nergalle
D:13:     layout_loops_ring, uniq_azrael
D:14:     nicolae_cairo_tiling, layout_irregular_city, david_vaults_1,
          minmay_staircase_bubble, nrook_guardian_serpent_double, uniq_nessos,
          uniq_roxanne
D:15:     gammafunk_enter_depths_forms, layout_stronghold, serial_park_square3
          [serial_park_minivault_5x5_4], uniq_kirke
Temple:   nicolae_temple_figure_zero
Lair:1:   layout_regular_city, portal_ice_cave_rime, serial_rivers,
          chequers_serial_rivers_large_b, chequers_serial_rivers_room_b,
          chequers_serial_rivers_marsh, chequers_serial_rivers_micro_b,
          chequers_serial_rivers_large_a, chequers_serial_rivers_micro_b,
          uniq_amaemon, uniq_fannar
Lair:2:   layout_cave_pods
Lair:3:   layout_loops_ring, minmay_swamp_entry_worms,
          hellmonk_spider_entry_life_and_decay, lemuel_fruit_tree
Lair:4:   layout_layer_cave, slime_entry_1, roderic_batcave, ice2_lemuel,
          uniq_urug
Lair:5:   cheibrodos_lair_end_hotspot, layout_regular_city
Swamp:1:  layout_basic_swamp, evilmike_swamp_ruin_rubble_2
Swamp:2:  layout_falls_marsh, infiniplex_staircase_pool
Swamp:3:  layout_falls_marsh, evilmike_swamp_ruin_house_3, swamp_pool1
Swamp:4:  swamp_alternative, layout_basic_swamp
Spider:1: layout_spider_delve
Spider:2: layout_spider_delve, nicolae_spider_shape, uniq_arachne, uniq_agnes
Spider:3: layout_spider_delve, guppyfry_spider_mini_3
Spider:4: grunt_spider_rune_circles
Orc:1:    layout_caves, serial_shops, shop, basic_altar
Orc:2:    hellmonk_orc_salted, layout_caves, serial_shops,
          nicolae_shop_real_fake_doors, uniq_maurice
Depths:1: layout_forbidden_donut, old_standard_altar, hell_entry,
          brannock_xom_greatest_gift, minmay_shop_star, grunt_megastairs_3,
          uniq_saint_roka, uniq_nikola
Depths:2: minmay_crystal_thing, layout_long_grid, enter_ziggurat_e,
          nicolae_lava_and_water, pan_entry, hell_entry,
          abyss_entry_small_statue_room, st_stairs_6, roderic_serpentine_path,
          infiniplex_staircase_door_maze, firewood_loft
Depths:3: minmay_containers, layout_cross, abyss_entry,
          ebering_ghost_disaster_area, minmay_staircase_windowed_small,
          grunt_hell_entry_dis_mu, uniq_sojobo
Depths:4: grunt_zot_entry_funnels, layout_gridlike, marbit_kobold_abyss_entry,
          hell_entry, minmay_shop_grove
Zot:1:    layout_cellular_growth, grunt_megastairs_2, uniq_vv
Zot:2:    kennysheep_blocky_room, layout_twisted_circle, grunt_megastairs_5
Zot:3:    layout_onion, basic_altar, evilmike_ambush
          [evilmike_ambush_outer_pillars, evilmike_ambush_inner_basic]

Skill      XL: |  1  2  3  4  5  6  7  8  9 10 11 12 13 14 15 16 17 18 19 20 |
---------------+-------------------------------------------------------------+-----
Armour         | 1 2 3 4 6 7 9 10 11 12 13 14 15 16 17 | 17.9
Invocations    | 1 2 4 5 6 7 8 9 10 11 12 13 14 15 | 15.0
Fighting       | 4 5 6 7 8 9 11 12 13 14 15 16 17 18 | 18.3
Short Blades   | 4 5 6 7 9 10 12 14 15 16 17 18 19 20 21 | 21.4
Dodging        | 4 5 6 7 9 10 11 12 13 14 15 16 | 16.6
Evocations     | 5 6 7 8 9 10 | 10.3
Stealth        | 3 4 |  4.8
Translocations | 3 |  3.4

Action                     |  1- 3 |  4- 6 |  7- 9 | 10-12 | 13-15 | 16-18 | 19-21 || total
---------------------------+-------+-------+-------+-------+-------+-------+-------++-------
  Melee: Short sword       |    46 |       |       |       |       |       |       ||    46
         Headbutt          |    13 |    25 |    75 |   194 |   274 |   509 |   444 ||  1534
         Dagger            |    12 |   158 |   281 |   223 |       |       |       ||   674
         Quick blade       |       |       |       |   416 |   841 |  1407 |  1035 ||  3699
 Invoke: Line Pass         |       |       |     1 |       |     3 |     1 |     5 ||    10
         Grand Finale      |       |       |       |       |       |     4 |     3 ||     7
         Stomp             |       |       |       |       |       |       |     4 ||     4
  Evoke: Wand              |       |       |     1 |     2 |     1 |     7 |     2 ||    13
         Phial of floods   |       |       |       |       |       |       |     1 ||     1
    Use: Scroll            |       |       |       |    11 |    12 |    19 |    10 ||    52
         Potion            |       |       |       |     1 |     7 |    11 |    26 ||    45
   Stab: Paralysed         |       |       |    21 |    56 |    52 |   110 |    46 ||   285
         Distracted        |       |       |       |     4 |    10 |    15 |    18 ||    47
         Confused          |       |       |       |       |     3 |     2 |     5 ||    10
         Sleeping          |       |       |       |       |       |       |     1 ||     1
 Armour: Robe              |    10 |    11 |       |       |       |       |       ||    21
         Chain mail        |       |    62 |    35 |       |       |       |       ||    97
         Troll leather arm |       |       |    48 |    66 |    51 |   163 |   125 ||   453
  Dodge: Dodged            |    27 |    69 |   201 |   274 |   253 |   598 |   406 ||  1828

Table legend: (Time is in decaauts)
 A = Elapsed time spent in this place.
 B = Non-inter-level travel time spent in this place.
 C = Inter-level travel time spent in this place.
 D = Time resting spent in this place.
 E = Time spent auto-exploring this place.
 F = Levels seen in this place.
 G = Mean time per level.
                   A        B        C        D        E       F      G
               +--------+--------+--------+--------+--------+-----+--------+
         Total |  29911 |  27384 |   2527 |   2365 |  19527 |  41 |  729.5 |
       Dungeon |  12357 |  11363 |    994 |    495 |   9009 |  15 |  823.8 |
        Temple |    175 |    148 |     27 |      0 |    146 |   1 |  175.0 |
          Lair |   5531 |   4997 |    534 |    210 |   4088 |   5 | 1106.2 |
         Swamp |    897 |    813 |     84 |     54 |    495 |   4 |  224.2 |
   Spider Nest |   3934 |   3540 |    394 |    379 |   2447 |   4 |  983.5 |
  Orcish Mines |   1098 |   1000 |     98 |      0 |    736 |   2 |  549.0 |
        Depths |   4497 |   4110 |    387 |   1205 |   2110 |   4 | 1124.2 |
           Zot |    195 |    188 |      7 |      0 |      3 |   3 |   65.0 |
         Abyss |    501 |    501 |      0 |     21 |     59 |   1 |  501.0 |
        Bailey |    365 |    365 |      0 |      0 |    192 |   1 |  365.0 |
      Ice Cave |    355 |    355 |      0 |      0 |    239 |   1 |  355.0 |
               +--------+--------+--------+--------+--------+-----+--------+

Top non-repeatable levels by time:
Depths:4: 2169 daAuts
Spider:3: 1660 daAuts
  Lair:4: 1430 daAuts
  Lair:5: 1268 daAuts
    D:15: 1149 daAuts
Depths:2: 1133 daAuts
    D:14: 1109 daAuts
  Lair:1: 1086 daAuts
Spider:2: 1080 daAuts
  Lair:3: 987 daAuts
    D:13: 922 daAuts
     D:5: 915 daAuts
     D:1: 884 daAuts
     D:2: 863 daAuts
Depths:1: 835 daAuts
